% Time on Ice - SPOKANE KNIGHTS
Lines # - Real PCT - Wanted PCT - Time Play
Normal Forward
1 - 31% - 32% - 13:46
2 - 28% - 32% - 12:24
3 - 28% - 31% - 12:14
4 - 13% - 5% - 5:44
Normal Defense
1 - 35% - 33% - 15:35
2 - 33% - 33% - 14:33
3 - 24% - 24% - 10:48
4 - 7% - 10% - 3:12
PP Forward
1 - 63% - 60% - 2:30
2 - 37% - 40% - 1:28
PP Defense
1 - 47% - 60% - 1:51
2 - 53% - 40% - 2:07
PK Forward
1 - 60% - 55% - 5:57
2 - 40% - 45% - 3:58
PK Defense
1 - 55% - 60% - 5:29
2 - 45% - 40% - 4:26
PK3 Forward
1 - 0% - 60%
2 - 0% - 40%
PK3 Defense
1 - 0% - 60%
2 - 0% - 40%
44 Forward
1 - 39% - 50% - 0:46
2 - 61% - 50% - 1:13
44 Defense
1 - 61% - 60% - 1:13
2 - 39% - 40% - 0:46
Last Minute Offensive  - 0:00
Last Minute Defensive  - 0:00
Total
Forward - 60:00
Defense - 60:00
% Time on Ice - VICTORIA GLADIATORS
Lines # - Real PCT - Wanted PCT - Time Play
Normal Forward
1 - 32% - 37% - 14:06
2 - 33% - 31% - 14:30
3 - 20% - 22% - 8:54
4 - 15% - 10% - 6:38
Normal Defense
1 - 37% - 36% - 16:22
2 - 34% - 32% - 14:58
3 - 23% - 24% - 10:09
4 - 6% - 8% - 2:39
PP Forward
1 - 46% - 52% - 4:32
2 - 54% - 48% - 5:23
PP Defense
1 - 61% - 52% - 6:01
2 - 39% - 48% - 3:54
PK Forward
1 - 50% - 52% - 1:59
2 - 50% - 48% - 1:59
PK Defense
1 - 47% - 52% - 1:52
2 - 53% - 48% - 2:06
PK3 Forward
1 - 0% - 52%
2 - 0% - 48%
PK3 Defense
1 - 0% - 52%
2 - 0% - 48%
44 Forward
1 - 53% - 52% - 1:03
2 - 47% - 48% - 0:56
44 Defense
1 - 53% - 52% - 1:03
2 - 47% - 48% - 0:56
Last Minute Offensive  - 0:00
Last Minute Defensive  - 0:00
Total
Forward - 60:00
Defense - 60:00
Play-by-Play 1st period 0:01 of 1st period - Mikkel Boedker wins face-off versus Tomas Hertl in neutral zone. 0:53 of 1st period - Minor Penalty to Zach Trotman for High sticking. 0:54 of 1st period - Frans Nielsen wins face-off versus Sebastian Aho in VICTORIA GLADIATORS zone. 1:01 of 1st period - Shot by Matthew Tkachuk. 1:01 of 1st period - Stopped by Aaron Dell without a rebound. 1:02 of 1st period - Jason Spezza wins face-off versus Sebastian Aho in VICTORIA GLADIATORS zone. 1:02 of 1st period - Jason Spezza is hit by Matthew Tkachuk. 1:09 of 1st period - Icing by Sebastian Aho. 1:10 of 1st period - Jason Spezza wins face-off versus Sebastian Aho in SPOKANE KNIGHTS zone. 1:23 of 1st period - Frans Nielsen is hit by Sebastian Aho and loses puck. 2:22 of 1st period - Shot by Vincent Trocheck. 2:22 of 1st period - Shot Misses the Net. 2:24 of 1st period - Shot by Victor Hedman. 2:24 of 1st period - Stopped by Aaron Dell without a rebound. 2:25 of 1st period - Jason Spezza wins face-off versus Vincent Trocheck in VICTORIA GLADIATORS zone. 2:34 of 1st period - Shot by Kristopher Letang. 2:34 of 1st period - Stopped by Aaron Dell without a rebound. 2:35 of 1st period - Frans Nielsen wins face-off versus Sebastian Aho in VICTORIA GLADIATORS zone. 2:35 of 1st period - Frans Nielsen is hit by Matthew Tkachuk. 2:48 of 1st period - Shot by Patrick Kane. 2:48 of 1st period - Shot Misses the Net. 3:17 of 1st period - Off-side. 3:18 of 1st period - Alex Iafallo wins face-off versus Mikael Backlund in neutral zone. 3:29 of 1st period - Patrick Kane is hit by T.J. Brennan. 3:37 of 1st period - Shot by Mikael Backlund. 3:37 of 1st period - Deflect By Matthew Tkachuk. 3:37 of 1st period - Shot Misses the Net. 3:39 of 1st period - Shot by Mikael Backlund. 3:39 of 1st period - Shot Misses the Net. 3:41 of 1st period - Shot by Mikael Backlund. 3:41 of 1st period - Shot Misses the Net. 4:45 of 1st period - Shot by Carl Soderberg. 4:45 of 1st period - Shot Misses the Net. 5:40 of 1st period - Shot by Lars Eller. 5:40 of 1st period - Deflect By Nick Foligno. 5:40 of 1st period - Shot Blocked by Brooks Orpik. 5:42 of 1st period - Shot by Zack Smith. 5:42 of 1st period - Stopped by Braden Holtby with a rebound. 5:56 of 1st period - Shot by Blake Wheeler. 5:56 of 1st period - Shot Misses the Net. 6:03 of 1st period - Tomas Hertl is hit by T.J. Brennan and loses puck. 6:06 of 1st period - Shot by Blake Wheeler. 6:06 of 1st period - Shot Misses the Net. 6:51 of 1st period - Shot by Patrick Kane. 6:51 of 1st period - Shot Misses the Net. 7:31 of 1st period - Marcus Foligno is hit by Marcus Kruger and loses puck. 8:10 of 1st period - Shot by Tomas Hertl. 8:10 of 1st period - Shot Misses the Net. 8:37 of 1st period - Shot by Tomas Hertl. 8:37 of 1st period - Stopped by Aaron Dell without a rebound. 8:38 of 1st period - Lars Eller wins face-off versus Phillip Danault in VICTORIA GLADIATORS zone. 9:05 of 1st period - Shot by Lars Eller. 9:05 of 1st period - Shot Misses the Net. 9:12 of 1st period - Off-side. 9:13 of 1st period - Mikael Backlund wins face-off versus Carl Soderberg in neutral zone. 9:16 of 1st period - Mikkel Boedker is hit by Mikael Backlund and loses puck. 9:38 of 1st period - Shot by Carl Soderberg. 9:38 of 1st period - Shot Blocked by Matthew Tkachuk. 9:40 of 1st period - Shot by Jaime Sifers. 9:40 of 1st period - Shot Misses the Net. 9:44 of 1st period - Shot by Mikkel Boedker. 9:44 of 1st period - Shot Misses the Net. 9:46 of 1st period - Shot by Mikkel Boedker. 9:46 of 1st period - Shot Blocked by Brooks Orpik. 11:26 of 1st period - Anton Stralman is hit by Zack Smith and loses puck. 11:38 of 1st period - Icing by Vincent Trocheck. 11:39 of 1st period - Carl Soderberg wins face-off versus Tyler Johnson in SPOKANE KNIGHTS zone. 12:05 of 1st period - Off-side. 12:06 of 1st period - Mikael Backlund wins face-off versus Jason Spezza in neutral zone. 12:09 of 1st period - Shot by Patrick Kane. 12:09 of 1st period - Shot Misses the Net. 13:07 of 1st period - Icing by Nick Foligno. 13:08 of 1st period - Sebastian Aho wins face-off versus Lars Eller in VICTORIA GLADIATORS zone. 13:15 of 1st period - Shot by Sebastian Aho. 13:15 of 1st period - Shot Misses the Net. 13:49 of 1st period - Shot by Tomas Hertl. 13:49 of 1st period - Deflect By Sebastian Aho. 13:49 of 1st period - Stopped by Aaron Dell with a rebound. 14:11 of 1st period - Shot by Phillip Danault. 14:11 of 1st period - Deflect By Vincent Trocheck. 14:11 of 1st period - Stopped by Aaron Dell without a rebound. 14:12 of 1st period - Mikael Backlund wins face-off versus Frans Nielsen in VICTORIA GLADIATORS zone. 14:21 of 1st period - Shot by Patrick Kane. 14:21 of 1st period - Stopped by Aaron Dell without a rebound. 14:22 of 1st period - Jason Spezza wins face-off versus Tyler Johnson in VICTORIA GLADIATORS zone. 14:46 of 1st period - Icing by Jaime Sifers. 14:47 of 1st period - Jason Spezza wins face-off versus Patrick Kane in VICTORIA GLADIATORS zone. 14:57 of 1st period - Icing by Anton Stralman. 14:58 of 1st period - Carl Soderberg wins face-off versus Mikael Backlund in SPOKANE KNIGHTS zone. 15:26 of 1st period - Icing by Mikael Backlund. 15:27 of 1st period - Mikael Backlund wins face-off versus Lars Eller in SPOKANE KNIGHTS zone. 15:32 of 1st period - Lars Eller is hit by Matthew Tkachuk and loses puck. 16:45 of 1st period - Vincent Trocheck is hit by Marcus Foligno and loses puck. 17:01 of 1st period - Icing by Phillip Danault. 17:02 of 1st period - Phillip Danault wins face-off versus Carl Soderberg in SPOKANE KNIGHTS zone. 17:29 of 1st period - Shot by Tyler Johnson. 17:29 of 1st period - Stopped by Aaron Dell with a rebound. 17:31 of 1st period - Shot by Zdeno Chara. 17:31 of 1st period - Shot Misses the Net. 17:49 of 1st period - Shot by Sebastian Aho. 17:49 of 1st period - Shot Misses the Net. 17:51 of 1st period - Shot by Blake Wheeler. 17:51 of 1st period - Stopped by Aaron Dell without a rebound. 17:52 of 1st period - Lars Eller wins face-off versus Marcus Kruger in VICTORIA GLADIATORS zone. 18:04 of 1st period - Lars Eller is hit by Marcus Kruger and loses puck. 18:55 of 1st period - Shot by Frans Nielsen. 18:55 of 1st period - Stopped by Braden Holtby without a rebound. 18:56 of 1st period - Jason Spezza wins face-off versus Phillip Danault in SPOKANE KNIGHTS zone. 19:35 of 1st period - Shot by Tyler Johnson. 19:35 of 1st period - Shot Blocked by Patrick Maroon. 19:44 of 1st period - Jason Spezza is hit by Sebastian Aho and loses puck. 19:51 of 1st period - Shot by Tomas Hertl. 19:51 of 1st period - Deflect By Blake Wheeler. 19:51 of 1st period - Stopped by Aaron Dell without a rebound. 19:52 of 1st period - Mikael Backlund wins face-off versus Carl Soderberg in VICTORIA GLADIATORS zone. Goals for this period are 0 for SPOKANE KNIGHTS vs 0 for VICTORIA GLADIATORS. Shots for this period are 10 for SPOKANE KNIGHTS vs 2 for VICTORIA GLADIATORS. 2nd period 0:01 of 2nd period - Sebastian Aho wins face-off versus Carl Soderberg in neutral zone. 0:17 of 2nd period - Icing by Carl Soderberg. 0:18 of 2nd period - Carl Soderberg wins face-off versus Mikael Backlund in VICTORIA GLADIATORS zone. 1:17 of 2nd period - Tomas Hertl is hit by Mikkel Boedker and loses puck. 1:28 of 2nd period - Shot by Blake Wheeler. 1:28 of 2nd period - Goal by Blake Wheeler - SPOKANE KNIGHTS : 1 - VICTORIA GLADIATORS : 0. 1:29 of 2nd period - Phillip Danault wins face-off versus Lars Eller in neutral zone. 1:36 of 2nd period - Shot by Tyler Johnson. 1:36 of 2nd period - Deflect By Vincent Trocheck. 1:36 of 2nd period - Stopped by Aaron Dell with a rebound. 2:00 of 2nd period - Shot by Vincent Trocheck. 2:00 of 2nd period - Stopped by Aaron Dell without a rebound. 2:01 of 2nd period - Sebastian Aho wins face-off versus Frans Nielsen in VICTORIA GLADIATORS zone. 2:06 of 2nd period - Shot by Tomas Hertl. 2:06 of 2nd period - Shot Misses the Net. 2:08 of 2nd period - Shot by Tomas Hertl. 2:08 of 2nd period - Shot Blocked by Alex Iafallo. 2:10 of 2nd period - Shot by Tomas Hertl. 2:10 of 2nd period - Stopped by Aaron Dell with a rebound. 2:12 of 2nd period - Shot by Sebastian Aho. 2:12 of 2nd period - Shot Misses the Net. 2:14 of 2nd period - Shot by Blake Wheeler. 2:14 of 2nd period - Deflect By Sebastian Aho. 2:1